 Dungeon Crawl Stone Soup version 0.27-a0-1071-ga85bd9520d (webtiles) character file.

Game seed: 8763138762377216626

352 leviel the Chopper (level 6, -8/52 HPs)
             Began as a Minotaur Fighter on Apr 24, 2021.
             Mangled by a gnoll
             ... wielding a +0 halberd
              (11 damage)
             ... on level 4 of the Dungeon.
             The game lasted 00:03:27 (2158 turns).

leviel the Chopper (Minotaur Fighter)               Turns: 2158, Time: 00:03:27

Health: -8/52      AC:  7    Str: 22    XL:     6   Next: 35%
Magic:  5/5        EV:  7    Int:  5    God:
Gold:   71         SH:  9    Dex: 10    Spells: 5/5 levels left

rFire    + . .     SeeInvis .   a - +0 war axe
rCold    + . .     Faith    .   c - +0 kite shield
rNeg     . . .     Spirit   .   b - +0 scale mail
rPois    +         Reflect  .   (helmet restricted)
rElec    +         Harm     .   (no cloak)
rCorr    +         Rampage  .   (no gloves)
Will     .....                  (no boots)
Stlth    ..........             (no amulet)
HPRegen  0.17/turn              (no ring)
MPRegen  0.09/turn              (no ring)

@: resistant, very slightly contaminated, invisible
A: horns 2, retaliatory headbutt
a: no special abilities


You were on level 4 of the Dungeon.
You visited 1 branch of the dungeon, and saw 4 of its levels.

You collected 71 gold pieces.

Inventory:

Hand Weapons
 a - a +0 war axe (weapon)
Armour
 b - a +0 scale mail (worn)
 c - a +0 kite shield (worn)
Jewellery
 d - a ring of see invisible
Wands
 h - a wand of flame (27)
Scrolls
 f - a scroll of teleportation {unknown}
 g - a scroll of blinking {unknown}
Potions
 e - 2 potions of lignification


   Skills:
 - Level 4.1 Fighting
 + Level 7.6 Axes
 - Level 4.1 Armour
 - Level 3.9 Shields


You had 5 spell levels left.
You didn't know any spells.
Your spell library contained the following spells:

 Spells                   Type           Power      Damage    Failure   Level
 Animate Skeleton         Necr           0%         N/A       99%         1
 Pain                     Necr           0%         1d4       99%         1
 Vampiric Draining        Necr           0%         2d6       100%        3
 Animate Dead             Necr           0%         N/A       100%        4
 Agony                    Necr           0%         N/A       100%        5


Dungeon Overview and Level Annotations

Branches:
Dungeon (4/15)
 Temple: D:4-7

Altars:
Sif Muna
Trog


Innate Abilities, Weirdness & Mutations

You have a pair of horns on your head.
You reflexively headbutt those who attack you in melee.


Message History

* * * LOW HITPOINT WARNING * * *
It was a potion of invisibility.
You fade into invisibility!
The gnoll hits you but does no damage.
You are very lightly contaminated with residual magic.
It was a potion of resistance.
You feel protected. You block the gnoll's attack. You block the gnoll's attack.
The gnoll hits you but does no damage. The gnoll hits you but does no damage.
You block the gnoll's attack. You block the gnoll's attack.
The gnoll barely misses you. The gnoll hits you but does no damage.
The gnoll hits you from afar with a +0 halberd.
* * * LOW HITPOINT WARNING * * *
You block the gnoll's attack.
Your transformation is almost over.
The gnoll hits you but does no damage. You block the gnoll's attack.
You block the gnoll's attack. You block the gnoll's attack.
The gnoll hits you from afar with a +0 halberd.
* * * LOW HITPOINT WARNING * * *
The gnoll hits you from afar with a +0 halberd.
* * * LOW HITPOINT WARNING * * *
You block the gnoll's attack. The gnoll hits you but does no damage.
The gnoll barely misses you.
You feel less wooden.
Your +0 scale mail unmelds from your body.
You block the gnoll's attack. The gnoll closely misses you.
You block the gnoll's attack. The gnoll hits you but does no damage.
You block the gnoll's attack.
There is a stone staircase leading up here.
You hit the gnoll but do no damage. The gnoll hits you with a +0 halberd!
You die...

.. ########## .###
#........#
...####........#
#......$.†....$#
#.....#........#
#.....#.....@).#
#..)..#....g...#
#.....#........#
.#.....###..##..#
#.............#.....
..##.....†####.#.####
. #...)... ...#
#........ .###
###.#.#... ..


You could see a gnoll.

Vanquished Creatures
  Sigmund (D:2)
  A howler monkey (D:4)
  Jessica (D:2)
  An iguana (D:4)
  2 gnolls (D:4)
  2 adders
  A worm (D:4)
  2 dart slugs (D:1)
  2 orcs (D:3)
  5 ball pythons
  4 bats
  8 endoplasms
  A goblin (D:1)
  6 hobgoblins
  2 jackals (D:1)
  A quokka (D:2)
  A frilled lizard (D:2)
  7 kobolds
  3 rats
51 creatures vanquished.

Vanquished Creatures (others)
  2 plants (D:1)
2 creatures vanquished.

Grand Total: 53 creatures vanquished

Notes
Turn   | Place    | Note
-------+----------+-------------------------------------------
     0 | D:1      | leviel the Minotaur Fighter began the quest for the Orb.
     0 | D:1      | Reached XP level 1. HP: 19/19 MP: 0/0
   150 | D:1      | Reached XP level 2. HP: 21/27 MP: 1/1
   285 | D:1      | Found a faded altar of an unknown god.
   788 | D:2      | Noticed Jessica
   789 | D:2      | Killed Jessica
   790 | D:2      | Reached skill level 3 in Axes
   790 | D:2      | Reached XP level 3. HP: 33/33 MP: 2/2
   803 | D:2      | Noticed Sigmund
   810 | D:2      | Killed Sigmund
   811 | D:2      | Reached skill level 6 in Axes
   811 | D:2      | Reached XP level 4. HP: 18/40 MP: 3/3
   811 | D:2      | Reached XP level 5. HP: 21/46 MP: 4/4
  1261 | D:2      | Found a bloodstained altar of Trog.
  2001 | D:3      | Found a shimmering blue altar of Sif Muna.
  2039 | D:4      | Reached skill level 7 in Axes
  2039 | D:4      | Reached XP level 6. HP: 47/52 MP: 5/5
  2149 | D:4      | HP: 3/78 [gnoll/+0 halberd (2)]
  2158 | D:4      | Mangled by a gnoll

Illustrated notes

Levels and vault maps discovered:
D:1:      wander_arrival_fairy_ring, layout_basic,
          shapermc_ecumenical_altar_flowoftime, hex_intersection
D:2:      layout_loops_ring, basic_altar, grunt_decor_clamped, uniq_sigmund,
          uniq_jessica
D:3:      layout_basic, led_sif_book, st_stairs_8, minmay_misc_feat_iff
D:4:      layout_rooms, kennysheep_crisscross, uniq_eustachio

Skill      XL: |  1  2  3  4  5 |
---------------+----------------+-----
Fighting       | 4 |  4.1
Armour         | 4 |  4.1
Axes           | 3 6 7 |  7.6
Shields        | |  3.9

Action                   |  1- 3 |  4- 6 || total
-------------------------+-------+-------++-------
Melee: War axe           |    41 |    66 ||   107
       Headbutt          |     9 |     6 ||    15
  Use: Potion            |     1 |     4 ||     5
Armor: Scale mail        |    17 |    19 ||    36
       Skin              |       |    11 ||    11
Dodge: Dodged            |    14 |    21 ||    35
Block: Kite shield       |    16 |    42 ||    58

Table legend: (Time is in decaauts)
 A = Elapsed time spent in this place.
 B = Non-inter-level travel time spent in this place.
 C = Inter-level travel time spent in this place.
 D = Time resting spent in this place.
 E = Time spent auto-exploring this place.
 F = Levels seen in this place.
 G = Mean time per level.
                   A        B        C        D        E       F      G
               +--------+--------+--------+--------+--------+-----+--------+
         Total |   2207 |   2151 |     56 |      5 |   1794 |   4 |  551.8 |
       Dungeon |   2207 |   2151 |     56 |      5 |   1794 |   4 |  551.8 |
               +--------+--------+--------+--------+--------+-----+--------+

Top non-repeatable levels by time:
     D:2: 859 daAuts
     D:1: 809 daAuts
     D:3: 404 daAuts
     D:4: 134 daAuts
